 Dungeon Crawl Stone Soup version 0.28.0 (webtiles) character file.

Game seed: 18034166354652822251

843 Dorkslayer the Slasher (level 8, -2/54 HPs)
             Began as an Octopode Fighter on June 2, 2022.
             Was an Initiate of Gozag.
             Slain by an orc warrior (20 damage)
             ... on level 5 of the Dungeon.
             The game lasted 00:14:12 (5589 turns).

Dorkslayer the Slasher (Octopode Fighter)           Turns: 5589, Time: 00:14:13

Health: -2/54      AC:  1    Str: 16 (17) XL:     8   Next: 0%
Magic:  8/8        EV: 14    Int:  8 (11) God:    Gozag
Gold:   125        SH:  6    Dex: 14 (17) Spells: 7/7 levels left

rFire   . . .      SeeInvis .   a - +0 long sword
rCold   . . .      Faith    .   b - +1 buckler
rNeg    . . .      Spirit   .   (helmet restricted)
rPois   .          Reflect  .   (no amulet)
rElec   .          Harm     .   n - +6 ring of dexterity
rCorr   .          Rampage  .   (no ring)
Will    .....                   (no ring)
Stlth   ++++......              (no ring)
HPRegen 0.18/turn               (no ring)
MPRegen 0.11/turn               (no ring)
                                (no ring)
                                (no ring)

@: no status effects
A: almost no armour, amphibious, 8 rings, camouflage 1, gelatinous body 1,
(nimble swimmer 1), tentacles
a: Renounce Religion, Potion Petition, Call Merchant, Bribe Branch


You were on level 5 of the Dungeon.
You worshipped Gozag.
Gozag was aware of your devotion.
You visited 2 branches of the dungeon, and saw 7 of its levels.

You collected 194 gold pieces.
You paid 69 gold pieces to Gozag.

Inventory:

Hand Weapons
 a - a +0 long sword (weapon)
Missiles
 f - 2 poisoned darts (quivered)
Armour
 b - a +1 buckler (worn)
Jewellery
 n - a +6 ring of dexterity (left tentacle)
Scrolls
 o - 3 scrolls of fog
 p - a scroll of immolation {unknown}
Potions
 d - a potion of brilliance {unknown}
 e - 3 potions of curing
 g - a potion of berserk rage {unknown}
 h - a potion of attraction {unknown}
 i - a potion of lignification
 j - a potion of resistance {unknown}
 l - a potion of degeneration
 m - a potion of haste {unknown}


   Skills:
 * Level 4.3 Fighting
 + Level 5.1 Long Blades
 + Level 2.4 Throwing
 * Level 4.6 Dodging
 + Level 4.6 Stealth
 + Level 3.6 Shields
 + Level 2.2 Unarmed Combat


You had 7 spell levels left.
You didn't know any spells.
Your spell library contained the following spells:

 Spells                   Type           Power      Damage    Failure   Level
 Confusing Touch          Hex            0%         N/A       86%         3
 Yara's Violent Unravell  Hex/Tmut       0%         3d3       100%        5
 Enfeeble                 Hex            0%         N/A       100%        7


Dungeon Overview and Level Annotations

Branches:
Dungeon (6/15)             Temple (1/1) D:5

Altars:
Ashenzari
Cheibriados
Elyvilon
Gozag
Kikubaaqudgha
Okawaru
Qazlal
Ru
Zin
Lugonu


Innate Abilities, Weirdness & Mutations

You cannot wear most types of armour.
You are amphibious.
You can wear up to eight rings at the same time.
Your skin changes colour to match your surroundings (Stealth+).
Your rubbery body absorbs attacks. (AC +1, EV +1)
((You are camouflaged when in or above water. (Stealth+)))
You have tentacles for arms and can constrict up to eight enemies at once.


Message History

The orc wizard is moderately wounded.
The orc wizard gestures at you while chanting.
The puff of flame hits you!
You closely miss the orc wizard. Your grab misses the orc wizard.
The orc wizard is moderately wounded.
The orc wizard gestures at you while chanting.
The puff of flame hits you.
The orc wizard points at you and mumbles some strange words.
The magic dart hits you.
You closely miss the orc wizard. You grab the orc wizard.
The orc wizard is moderately wounded.
You constrict the orc wizard.
The orc wizard hits you but does no damage.
You release your grip on the orc wizard.
Things that are here:
5 gold pieces; a +0 dagger; a +0 ring mail You feel better.
There is a stone staircase leading up here.
The orc warrior barely misses you.
The orc wizard mumbles some strange words.
The orc wizard flickers and vanishes!
Deactivating autopickup; reactivate with Ctrl-A.
You climb upwards.
Reactivating autopickup.
There is a stone staircase leading down here.
Unknown command.
Throw: throwing net
Press: ? - help, Q - select action, (/) - cycle Shift-Dir - straight line, f - orc warrior
Aim: an orc warrior, wielding a +0 broad axe and wearing a +0 chain mail (60% to hit)
You throw a throwing net.
The throwing net closely misses the orc warrior.
The orc warrior hits you with a +0 broad axe!!
It was a potion of degeneration.
There was something very wrong with that liquid.
You feel weakened.
You feel dopey.
You feel clumsy. The orc warrior barely misses you.
It was a potion of magic.
Magic courses through your body.
The orc warrior hits you with a +0 broad axe!!
You die...
Your body crumbles into a pile of gold.

# ### # #.#
################.############
............................###
################..............#
# #.##########.#.# ###
##@##########.#.# ..#
#..o..........#.# ..# §
##.############.#
..#####...######.# #.#
...☼§..$$......#.# ######.###
...○☼§...$.§§§...# #.........
........$..§§§.###
#####......... ..#####...#####
#............. ..# #§☼§#
#.............


You could see an orc warrior.

Vanquished Creatures
  An ogre (D:5)
  A phantom (D:5)
  A scorpion (D:4)
  A centaur zombie (D:5)
  2 orc priests (D:4)
  2 hounds
  An iguana (D:4)
  3 orc wizards (D:4)
  A hound skeleton (D:4)
  Robin (D:2)
  9 gnolls
  4 adders
  An ufetubus (D:5)
  3 adder skeletons
  2 worms (D:4)
  9 orcs
  6 endoplasms
  2 giant cockroaches (D:1)
  13 goblins
  13 hobgoblins
  7 jackals
  A quokka (D:1)
  3 ball pythons
  8 bats
  2 frilled lizards (D:1)
  10 kobolds
  2 rats
109 creatures vanquished.

Vanquished Creatures (others)
  Edmund (D:4)
  A goblin (D:2)
2 creatures vanquished.

Grand Total: 111 creatures vanquished

Notes
Turn   | Place    | Note
-------+----------+-------------------------------------------
     0 | D:1      | Dorkslayer the Octopode Fighter began the quest for the
                  | Orb.
     0 | D:1      | Reached XP level 1. HP: 16/16 MP: 1/1
   359 | D:1      | Reached XP level 2. HP: 19/21 MP: 2/2
   647 | D:1      | Reached XP level 3. HP: 26/26 MP: 3/3
  1146 | D:2      | Reached skill level 1 in Stealth
  1299 | D:2      | Reached skill level 1 in Unarmed Combat
  1325 | D:2      | Noticed Robin
  1332 | D:2      | Reached XP level 4. HP: 8/31 MP: 4/4
  1383 | D:2      | Killed Robin
  1677 | D:2      | Reached skill level 3 in Long Blades
  1972 | D:3      | Found a sacrificial altar of Ru.
  2011 | D:3      | Reached XP level 5. HP: 36/36 MP: 5/5
  2249 | D:3      | Reached skill level 1 in Throwing
  2832 | D:4      | Reached XP level 6. HP: 19/42 MP: 6/6
  3577 | D:4      | Noticed Edmund
  3587 | D:4      | Killed Edmund
  3588 | D:4      | Reached skill level 4 in Long Blades
  3588 | D:4      | Reached XP level 7. HP: 23/47 MP: 7/7
  4157 | D:5      | Entered Level 5 of the Dungeon
  4316 | D:5      | Found a broken altar of Ashenzari.
  4864 | D:5      | Identified the +1 ring mail "Isuck" {rPois rN+ Will-}
  4919 | D:5      | Found a staircase to the Ecumenical Temple.
  4931 | Temple   | Entered the Ecumenical Temple
  4950 | Temple   | Became a worshipper of Gozag Ym Sagoz the Greedy
  5023 | D:5      | Reached skill level 5 in Long Blades
  5271 | D:5      | Reached XP level 8. HP: 43/54 MP: 8/8
  5589 | D:5      | Slain by an orc warrior

Illustrated notes

Levels and vault maps discovered:
D:1:      eino_arrival_cavern_a, layout_loops_ring
D:2:      layout_basic, minmay_pentomino_o2, uniq_robin
D:3:      layout_loops_ring, nicolae_ru_sacrificial_ziggurat,
          roderic_st_hans_cross
D:4:      layout_basic, uniq_edmund
D:5:      layout_basic, nicolae_ashenzari_skybound, minmay_temple_entry_fiery,
          lemuel_flame_loot_1
D:6:      layout_loops_ring, kennysheep_big_empty_room
Temple:   corrupted_temple

Skill      XL: |  1  2  3  4  5  6  7 |
---------------+----------------------+-----
Stealth        | 1 3 4 |  4.6
Unarmed Combat | 1 2 |  2.2
Long Blades    | 3 4 5 |  5.1
Throwing       | 2 |  2.4
Dodging        | 4 |  4.6
Fighting       | 4 |  4.3
Shields        | |  3.6

Action                   |  1- 3 |  4- 6 |  7- 9 || total
-------------------------+-------+-------+-------++-------
Melee: Long sword        |    62 |    89 |    54 ||   205
       Constrict         |    17 |    28 |    13 ||    58
       Tentacles         |     7 |    22 |    18 ||    47
       Punch             |       |     4 |     2 ||     6
Throw: Boomerang         |       |    32 |       ||    32
       Dart              |       |    13 |       ||    13
       Throwing net      |       |       |     1 ||     1
  Use: Potion            |     1 |     2 |     4 ||     7
       Scroll            |       |     4 |       ||     4
 Stab: Sleeping          |     7 |     6 |     3 ||    16
       Invisible         |       |     2 |       ||     2
Armor: Skin              |     5 |     1 |     5 ||    11
Dodge: Dodged            |    33 |    63 |    34 ||   130
Block: Buckler           |    11 |    24 |    13 ||    48
